 Dungeon Crawl Stone Soup version 0.25-a0-510-ge065f6de7d (webtiles) character file.

Game seed: 7111345633540727670, levelgen mode: deterministic

67878 Eurus the Thaumaturge (level 14, -3/108 HPs)
             Began as a Mummy Conjurer on Feb 15, 2020.
             Was a High Priest of Ashenzari.
             Killed from afar by a shock serpent (21 damage)
             ... with a bolt of electricity
             ... on level 3 of the Lair of Beasts.
             The game lasted 01:51:01 (38711 turns).

Eurus the Thaumaturge (Mummy Conjurer)             Turns: 38711, Time: 01:51:01

Health: -3/108     AC: 11    Str: 11    XL:     14   Next: 84%
Magic:  32/32      EV: 11    Int: 22    God:    Ashenzari [*****.]
Gold:   331        SH: 14    Dex: 15    Spells: 31/41 levels left

rFire    x . .     SeeInvis +   u - +9 spear (freeze)
rCold    + + .     Gourm    .   F - +2 kite shield (curse)
rNeg     + + +     Faith    .   q - +0 leather armour of Catatonia {Slay+3}
rPois    ∞         Spirit   .   I - +2 helmet {SInv} (curse)
rElec    .         Reflect  .   y - +1 cloak of Dogma {rF+ Int+3} (curse)
rCorr    .         Harm     .   j - +0 pair of gloves
MR       +....     Clarity  +   (no boots)
Stlth    +.........             r - amulet of regeneration (curse)
HPRegen  0.68/turn              g - +2 ring of dexterity
MPRegen  0.23/turn              l - ring of ice

@: studying Armour
A: no food or potions, fire vulnerability, cold resistance 1, negative energy
resistance 3, torment resistance, unbreathing, in touch with death 1
a: Curse Item, Scrying, Transfer Knowledge, Renounce Religion


You were on level 3 of the Lair of Beasts.
You worshipped Ashenzari.
Ashenzari was extremely pleased with you.
You were not hungry.

You visited 5 branches of the dungeon, and saw 25 of its levels.

You collected 2458 gold pieces.
You spent 2127 gold pieces at shops.

Inventory:

Hand Weapons
 u - a +9 spear of freezing (weapon)
Armour
 j - a +0 pair of gloves (worn)
 q - the +0 leather armour of Catatonia (worn) {Slay+3}
   (You found it on level 7 of the Dungeon)

   It affects your accuracy and damage with ranged weapons and melee attacks
   (+3).
   If you remove this armour, your AC will decrease by 4 (11 -> 7).
 s - a +1 tower shield
 v - the +4 chain mail "Buicew" {rElec rC- Int+4 SInv}
   (You bought it in a shop on level 5 of the Dungeon)

   It affects your intelligence (+4).
   It makes you vulnerable to cold.
   It insulates you from electricity.
   It lets you see invisible.
   If you switch to wearing this armour, your AC will increase by 12 (11 -> 23).
 y - the cursed +1 cloak of Dogma (worn) {rF+ Int+3}
   (You found it on level 2 of the Lair of Beasts)

   It affects your intelligence (+3).
   It protects you from fire.
   If you remove this armour, your AC will decrease by 2 (11 -> 9).
   It has a curse placed upon it.
 F - a cursed +2 kite shield (worn)
 I - a cursed +2 helmet of see invisible (worn)
Jewellery
 g - a +2 ring of dexterity (left hand)
 i - an uncursed ring of ice
 l - a ring of ice (right hand)
 r - a cursed amulet of regeneration (around neck)
 w - an uncursed amulet of the acrobat
 A - an uncursed amulet of magic regeneration
 G - an uncursed ring of flight
Wands
 b - a wand of digging (16)
 e - a wand of enslavement (14)
 m - a wand of iceblast (28)
 n - a wand of paralysis (2)
 B - a wand of acid (11)
 C - a wand of polymorph (16)
 J - a wand of flame (15)
Scrolls
 a - 3 scrolls of enchant armour
 c - 5 scrolls of identify
 d - 6 scrolls of amnesia
 f - 9 scrolls of teleportation
 h - 5 scrolls of blinking
 k - a scroll of enchant weapon
 o - 10 scrolls of remove curse
 p - 8 scrolls of fear
 t - 3 scrolls of magic mapping
 x - a scroll of silence
 z - 2 scrolls of fog
 D - a scroll of summoning
 E - 2 scrolls of brand weapon
Books
 H - a manual of Armour


   Skills:
 + Level 9.0 Fighting
 + Level 10.5 Armour
 - Level 1.5 Dodging
 + Level 9.4(11.9) Shields
 + Level 14.0 Spellcasting
 + Level 11.0 Conjurations
 - Level 8.0 Translocations


You had 31 spell levels left.
You knew the following spells:

 Your Spells              Type           Power        Failure   Level  Hunger
a - Magic Dart            Conj           ####         1%          1    N/A
b - Searing Ray           Conj           ######       1%          2    N/A
c - Iskenderun's Mystic   Conj/Tloc      ######..     1%          4    N/A
d - Gell's Gravitas       Tloc           ######....   1%          3    N/A

Your spell library contained the following spells:

 Spells                   Type           Power        Failure   Level  Hunger
 Apportation              Tloc           ######       1%          1    N/A
 Dazzling Flash           Conj/Hex       #####.       2%          3    N/A
 Portal Projectile        Hex/Tloc       ####..       4%          3    N/A
 Animate Skeleton         Necr           N/A          8%          1    N/A
 Corona                   Hex            ###....      8%          1    N/A
 Pain                     Necr           ###.         8%          1    N/A
 Summon Small Mammal      Summ           ###.         8%          1    N/A
 Fulminant Prism          Conj/Hex       #####.....   8%          4    N/A
 Slow                     Hex            ###.....     11%         2    N/A
 Confusing Touch          Hex            ###.....     22%         3    N/A
 Inner Flame              Hex/Fire       ###.....     22%         3    N/A
 Vampiric Draining        Necr           ###.......   22%         3    N/A
 Animate Dead             Necr           N/A          58%         4    N/A
 Cause Fear               Hex            ###.......   58%         4    N/A
 Leda's Liquefaction      Hex/Erth       ###.......   58%         4    N/A
 Petrify                  Tmut/Erth      ###.....     58%         4    N/A
 Agony                    Necr           ###.....     90%         5    N/A
 Metabolic Englaciation   Hex/Ice        ###.......   90%         5    N/A
 Yara's Violent Unravell  Hex/Tmut       ###.......   90%         5    N/A

Dungeon Overview and Level Annotations

Branches:
Dungeon (15/15)            Temple (1/1) D:5            Lair (6/6) D:11
 Shoals (0/4) Lair:3        Snake (1/4) Lair:3        Slime (0/5) Lair:5
    Orc (2/2) D:12            Elf (0/3) Orc:2        Vaults (0/5) D:13
 Depths (0/5) D:15

Altars:
Ashenzari
Cheibriados
Dithmenos
Elyvilon
Fedhas
Gozag
Hepliaklqana
Kikubaaqudgha
Makhleb
Nemelex Xobeh
Okawaru
Qazlal
Ru
Sif Muna
Trog
Uskayaw
Vehumet
Wu Jian
Xom
Yredelemnul
Zin
The Shining One
Beogh
Jiyva

Shops:
D:4 :   D:5 [   D:8 =   D:9 %   D:10 (   D:12 *   Orc:2 :(*[

Annotations:
D:10 exclusion: obsidian statue
D:11 2 runed translucent doors, Eheiw's ghost, journeyman GrEE
D:12 Frances
D:14 exclusion: sensed monster (detected)
D:15 exclusions: dire elephant and sensed monster (detected)
Lair:2 3 runed translucent doors, Solig's ghost, journeyman HuMo
Lair:6 exclusion: 2 plants
Snake:1 2 runed translucent doors
Orc:1 2 runed translucent doors, exclusion: orange crystal statue


Innate Abilities, Weirdness & Mutations

You do not eat or drink.
Your flesh is vulnerable to fire.
You are immune to poison.
Your flesh is cold resistant. (rC+)
You are immune to negative energy. (rN+++)
You are immune to unholy pain and torment.
You can survive without breathing.
You are in touch with the powers of death.


Message History

The searing ray hits the shock serpent!
The shock serpent is lightly wounded. (Press . to maintain the ray.)
The shock serpent's electric aura discharges, shocking you!
The shock serpent bites you.
* * * LOW HITPOINT WARNING * * *
The shock serpent shocks you!
* * * LOW HITPOINT WARNING * * *
You block the shock serpent's attack.
As you read the scroll of fear, it crumbles to dust.
You assume a fearsome visage.
The shock serpent looks frightened!
You start resting.
The shock serpent is too close now for your liking.
The shock serpent bites you!
* * * LOW HITPOINT WARNING * * *
The shock serpent shocks you!
* * * LOW HITPOINT WARNING * * *
The shock serpent shoots out a bolt of lightning at you!
The bolt of electricity hits you!!
You die...

......# ##≈≈≈≈##....#
.....## ##≈≈≈≈##.....#
......# #.≈≈≈###.....#
.....P###..≈####.....#
......##....#P#..<...#
......).....#........##
......###...#.........#
.....## #...##........#
.....# #..≈≈###@+#..##
.....# ##≈≈≈≈##.....#
.....# ##≈≈≈≈##S.#.#
.....# #≈≈>≈≈#..#.#
#....# ##≈≈≈≈#).#.#
####.#######≈≈≈≈###..#
..##..#P#.###≈≈##S...#
...#........####.....#
.....................##


You could see a shock serpent.

Vanquished Creatures
  Gastronok (Orc:1)
  Kirke (D:12)
  An orc warlord (Orc:2)
  An ettin (Orc:2)
  Fannar (D:12)
  A vault guard (D:13)
  2 hydras
  A catoblepas (D:15)
  A centaur warrior (D:15)
  2 two-headed ogres
  2 death yaks (Lair:3)
  A tengu warrior (D:15)
  7 orc high priests
  An unseen horror (D:15)
  A sea snake (shapeshifter) (D:15)
  9 orc knights
  2 ugly things
  A manticore (D:15)
  2 deep elf magi
  2 orc sorcerers
  A cyclops (Orc:1)
  5 elephants
  Maurice (D:12)
  Joseph (D:11)
  A torpor snail (Lair:3)
  A moth of wrath (shapeshifter) (D:13)
  4 black mambas
  Psyche (D:8)
  A merfolk siren (Lair:3)
  8 spiny frogs
  2 rime drakes
  8 komodo dragons
  A kobold demonologist (D:15)
  A freezing wraith (D:14)
  A tengu conjurer (D:15)
  2 polar bears
  3 trolls
  3 hornets (D:8)
  A meliai zombie (D:12)
  8 slime creatures
  7 hippogriffs
  7 blink frogs
  35 yaks
  5 wyverns
  A water elemental (D:15)
  A wraith (D:13)
  A vampire (D:14)
  2 hogs (D:12)
  4 basilisks
  A steam dragon (Lair:4)
  A hog (shapeshifter) (D:14)
  10 vampire mosquitoes
  9 wargs
  6 nagas
  A soldier ant (D:12)
  14 water moccasins
  An acid dragon (D:14)
  5 porcupines
  32 orc warriors
  3 sky beasts
  4 ice beasts
  3 black bears
  An eye of draining (D:10)
  A necrophage (D:12)
  4 phantoms
  22 wolves
  13 ogres
  8 centaurs
  11 crocodiles
  3 big kobolds
  13 bullfrogs
  A wyvern zombie (D:14)
  4 scorpions
  10 killer bees
  12 wights
  2 howler monkeys (D:8)
  4 crimson imps
  A bullfrog zombie (D:7)
  5 centaur zombies
  A jelly (D:15)
  2 bullfrog skeletons
  17 orc priests
  6 hounds
  20 orc wizards
  3 centaur skeletons
  3 iguanas
  8 worker ants
  14 adders
  4 shadow imps
  3 oozes
  An adder zombie (D:8)
  3 worms
  4 adder skeletons
  3 dart slugs
  3 leopard geckos
  66 orcs
  3 giant cockroaches
  11 goblins
  5 hobgoblins
  11 jackals
  25 kobolds
  5 quokkas
  A ball python (D:4)
  5 bats
  5 frilled lizards
  A quokka skeleton (D:8)
  A quokka zombie (D:5)
  7 rats
  A butterfly (Lair:2)
604 creatures vanquished.

Vanquished Creatures (others)
  A crimson imp (D:12)
  An orc priest (D:12)
  A shadow imp (D:12)
  26 fungi
  12 plants
41 creatures vanquished.

Grand Total: 645 creatures vanquished

Notes
Turn   | Place    | Note
-------+----------+-------------------------------------------
     0 | D:1      | Eurus the Mummy Conjurer began the quest for the Orb.
     0 | D:1      | Reached XP level 1. HP: 13/13 MP: 4/4
   332 | D:1      | Reached XP level 2. HP: 10/20 MP: 0/5
   356 | D:1      | Reached skill level 3 in Spellcasting
  1385 | D:2      | Reached skill level 1 in Fighting
  1506 | D:1      | Reached XP level 3. HP: 11/26 MP: 1/7
  1510 | D:1      | Learned a level 2 spell: Searing Ray
  2055 | D:2      | Reached XP level 4. HP: 32/32 MP: 1/9
  2345 | D:2      | Reached skill level 1 in Armour
  3161 | D:3      | Reached XP level 5. HP: 26/38 MP: 6/10
  3847 | D:4      | Found Vareihae's Book Shoppe.
  3957 | D:4      | Reached skill level 4 in Spellcasting
  4254 | D:4      | Found a sparkling altar of Nemelex Xobeh.
  4406 | D:4      | Reached XP level 6. HP: 46/46 MP: 7/12
  4412 | D:4      | Learned a level 4 spell: Iskenderun's Mystic Blast
  4524 | D:4      | Found a shadowy altar of Dithmenos.
  4959 | D:4      | Reached skill level 1 in Translocations
  5399 | D:5      | Entered Level 5 of the Dungeon
  5399 | D:5      | Found a burning altar of Makhleb.
  5426 | D:5      | Reached XP level 7. HP: 52/52 MP: 10/14
  5463 | D:5      | Found a staircase to the Ecumenical Temple.
  5476 | Temple   | Entered the Ecumenical Temple
  5644 | Temple   | Became a worshipper of Ashenzari the Shackled
  5769 | D:5      | Reached skill level 5 in Spellcasting
  5769 | D:5      | Reached skill level 5 in Conjurations
  6156 | D:5      | Found Tifitoz's Antique Armour Shop.
  6402 | D:5      | Reached XP level 8. HP: 44/60 MP: 13/16
  6672 | D:5      | Bought a tower shield for 108 gold pieces
  7835 | D:6      | Reached skill level 6 in Spellcasting
  7975 | D:6      | Reached skill level 1 in Shields
  8537 | D:7      | Found a bloodstained altar of Trog.
  8613 | D:7      | Got the cursed leather armour of Catatonia {Slay+3}
  8633 | D:7      | Identified the cursed +0 leather armour of Catatonia
                  | {Slay+3} (You found it on level 7 of the Dungeon)
  9009 | D:7      | Learned a level 3 spell: Gell's Gravitas
  9215 | D:7      | Reached XP level 9. HP: 67/67 MP: 15/18
  9428 | D:7      | Reached skill level 5 in Fighting
  9924 | D:8      | Reached skill level 7 in Spellcasting
 10090 | D:8      | Found Ziwo's Jewellery Shop.
 10888 | D:8      | Reached * piety under Ashenzari
 11542 | D:8      | Noticed Psyche
 12049 | D:8      | Bought an uncursed amulet of regeneration for 390 gold
                  | pieces
 12512 | D:9      | Reached skill level 8 in Spellcasting
 12572 | D:9      | Reached skill level 5 in Armour
 12579 | D:9      | Reached XP level 10. HP: 74/74 MP: 7/22
 12810 | D:9      | Noticed a two-headed ogre
 12868 | D:9      | Found an ornate altar of the Wu Jian Council.
 12868 | D:9      | Found a shimmering blue altar of Sif Muna.
 12906 | D:9      | Found Sood's Food Boutique.
 12939 | D:9      | Found a snail-covered altar of Cheibriados.
 13172 | D:10     | Entered Level 10 of the Dungeon
 13240 | D:10     | Noticed an obsidian statue
 13350 | D:10     | Found Guev's Antique Weapon Shop.
 13358 | D:10     | Identified the +0 chain mail "Gatuixt" {rC+ rN+ MP-9 Dex+2}
 14243 | D:11     | Reached skill level 5 in Translocations
 14414 | D:11     | Found a runed translucent door.
 14419 | D:11     | Noticed a frost giant
 14422 | D:11     | Noticed a flayed ghost
 14423 | D:11     | Noticed a necromancer
 14423 | D:11     | Noticed a skeletal warrior
 14423 | D:11     | Noticed a lich
 14423 | D:11     | Noticed Eheiw's ghost (journeyman GrEE)
 14426 | D:11     | Found a runed translucent door.
 14436 | D:11     | Found a staircase to the Lair.
 14530 | D:11     | Noticed a brown ugly thing
 14807 | D:11     | Reached skill level 9 in Spellcasting
 14952 | D:11     | Noticed an orc knight
 14962 | D:11     | Noticed a two-headed ogre
 15043 | D:11     | Reached ** piety under Ashenzari
 15046 | D:11     | Noticed an orc knight
 15533 | D:8      | HP: 3/74 [hornet (12)]
 15737 | D:8      | Killed Psyche
 15875 | D:9      | Killed a two-headed ogre
 16068 | D:10     | Reached XP level 11. HP: 79/79 MP: 16/24
 16207 | D:10     | Reached skill level 5 in Shields
 16378 | Lair:1   | Entered Level 1 of the Lair of Beasts
 17450 | Lair:2   | Found a runed translucent gate.
 17450 | Lair:2   | Found a runed translucent gate.
 17450 | Lair:2   | Found a runed translucent gate.
 17538 | Lair:2   | Noticed Solig's ghost (journeyman HuMo)
 17538 | Lair:2   | Noticed a death ooze
 17540 | Lair:2   | Found a viscous altar of Jiyva.
 17652 | Lair:2   | Reached skill level 10 in Spellcasting
 17735 | Lair:2   | Got the uncursed cloak of Dogma {rF+ Int+3}
 17744 | Lair:2   | Identified the +1 cloak of Dogma {rF+ Int+3} (You found it
                  | on level 2 of the Lair of Beasts)
 19521 | Lair:3   | Found a staircase to the Snake Pit.
 19624 | Lair:3   | Reached *** piety under Ashenzari
 19922 | Lair:3   | Found a snail-covered altar of Cheibriados.
 20028 | Lair:3   | Noticed a death yak
 20087 | Lair:3   | Killed a death yak
 20348 | Lair:3   | Noticed a death yak
 20391 | Lair:3   | Reached XP level 12. HP: 86/86 MP: 21/26
 20402 | Lair:3   | Killed a death yak
 20915 | Lair:3   | Found a shimmering altar of Xom.
 21003 | Lair:3   | Reached skill level 11 in Spellcasting
 21355 | Lair:3   | Found a staircase to the Shoals.
 23681 | Lair:5   | Noticed an eight-headed hydra
 23989 | Lair:5   | Killed an eight-headed hydra
 24753 | Lair:5   | Reached **** piety under Ashenzari
 24945 | Lair:5   | Found a staircase to the Slime Pits.
 24946 | Lair:5   | Found a viscous altar of Jiyva.
 25081 | Lair:6   | Entered Level 6 of the Lair of Beasts
 25267 | Lair:6   | Noticed a five-headed hydra
 25290 | Lair:6   | Killed a five-headed hydra
 25290 | Lair:6   | Reached skill level 12 in Spellcasting
 25290 | Lair:6   | Gained mutation: You are in touch with the powers of death.
                  | [Mummy growth]
 25290 | Lair:6   | Reached XP level 13. HP: 85/92 MP: 8/29
 27166 | D:11     | Noticed Joseph
 27415 | D:11     | Killed Joseph
 27858 | D:5      | Bought a scorched chain mail for 228 gold pieces
 27858 | D:5      | Identified the +4 chain mail "Buicew" {rElec rC- Int+4
                  | SInv} (You bought it in a shop on level 5 of the Dungeon)
 28019 | D:12     | Noticed Fannar
 28037 | D:12     | Killed Fannar
 28165 | D:12     | Found a staircase to the Orcish Mines.
 28576 | D:12     | Noticed Kirke
 28605 | D:12     | Killed Kirke
 29284 | D:12     | Found Amelus's General Store.
 29383 | D:12     | Noticed Frances
 29440 | D:12     | Noticed Maurice
 29456 | D:12     | Killed Maurice
 29550 | Orc:1    | Entered Level 1 of the Orcish Mines
 29557 | Orc:1    | Reached skill level 10 in Conjurations
 29880 | Orc:2    | Entered Level 2 of the Orcish Mines
 29880 | Orc:2    | Reached ***** piety under Ashenzari
 29880 | Orc:2    | Found a staircase to the Elven Halls.
 30669 | Orc:2    | Reached skill level 13 in Spellcasting
 30829 | Orc:2    | Found a roughly hewn altar of Beogh.
 30917 | Orc:2    | Found Uroserr's General Store.
 31229 | Orc:1    | Found a runed translucent door.
 31232 | Orc:1    | Found the +10 tower shield of Ignorance {rN+ Int-4}
 31425 | Orc:1    | Found a runed translucent door.
 31457 | Orc:1    | Noticed Gastronok
 31538 | Orc:1    | Killed Gastronok
 31538 | Orc:1    | Reached XP level 14. HP: 84/103 MP: 19/31
 31758 | Orc:2    | Noticed an orc warlord
 31903 | Orc:2    | Killed an orc warlord
 33294 | Orc:2    | Found Ryot's Book Shop.
 33312 | Orc:2    | Bought a manual of Armour for 1214 gold pieces
 33342 | Orc:2    | Found Nuneufek's Antique Weapon Shop.
 33364 | Orc:2    | Found Fezuqiuj's Antique Armour Shoppe.
 33657 | Orc:2    | Bought a glowing helmet for 187 gold pieces
 34962 | D:13     | Found a gate to the Vaults.
 35733 | D:15     | Entered Level 15 of the Dungeon
 35942 | D:15     | Reached skill level 10 in Armour
 37562 | D:14     | Reached skill level 14 in Spellcasting
 38375 | D:15     | Found a staircase to the Depths.
 38642 | Snake:1  | Entered Level 1 of the Snake Pit
 38642 | Snake:1  | Found a runed translucent gate.
 38671 | Snake:1  | Found a runed translucent gate.
 38711 | Lair:3   | Killed from afar by a shock serpent

Levels and vault maps discovered:
D:1:      psy_arrival_wood_between_worlds, layout_loops_corners,
          serial_bayou_pond_b, kennysheep_boxes
D:2:      layout_basic, minmay_tetromino_t2
D:3:      layout_rooms, corexii_hall_statues_x
D:4:      layout_loops_ring, nemelex_xobeh_ov_fountains_minmay, serial_shops,
          nicolae_shop_stone, grunt_dithmenos_smoke_and_mirrors
D:5:      layout_basic, temple_fountains, first_ration, serial_shops, shop,
          basic_altar
D:6:      layout_loops_corners, dk_rats_in_the_wall
D:7:      layout_basic, trog_ov_bears_minmay
D:8:      layout_gridville, serial_shops, nicolae_shop_window_shopping,
          hangedman_pestilent_swarm, uniq_psyche
D:9:      layout_cross, gammafunk_temple_overflow_elements, serial_shops,
          nicolae_shop_behind_doors, cheibrodos_worm_habitat
D:10:     layout_cave_pools, serial_shops, nicolae_shop_crystal,
          minmay_misc_feat_iff, minivault_16
D:11:     layout_loops_corners, david_lair_shrubbed,
          muffindrake_ghost_dual_entry, sword_in_stone
D:12:     layout_loops_cross, orc_0_dummy, serial_shops, shop, uniq_frances,
          uniq_fannar, uniq_maurice, uniq_kirke
D:13:     layout_loops_ring, david_vaults_4
D:14:     layout_small_grid, kennysheep_path_1, grunt_ministairs_2, uniq_rupert
D:15:     hangedman_depths_entry_try_elsewhere_first, layout_irregular_city,
          serial_bayou_ford_a
Temple:   regret_index_temple_mists
Lair:1:   layout_chaotic_city, grunt_megastairs_3
Lair:2:   layout_cave_shapes, gammafunk_ghost_ooze, lemuel_fruit_fields,
          lemuel_fruit_fields
Lair:3:   layout_chaotic_city, minmay_shoals_entry_lonely_mermaid,
          minmay_snake_entry_guardpost_medium, basic_altar, lemuel_centaur_altar
Lair:4:   layout_roguey, serial_bayou_shore_b
Lair:5:   layout_regular_city, slime_altar_1, grunt_megastairs_1,
          infiniplex_staircase_pool_2
Lair:6:   wormcave, layout_regular_city
Snake:1:  layout_rooms, gammafunk_ghost_necromancy
Orc:1:    layout_caves, chequers_guarded_unrand_ignorance, uniq_gastronok
Orc:2:    grunt_orc_gardens, layout_diamond_mine, grunt_orc_garden,
          grunt_orc_garden, grunt_orc_garden, grunt_orc_garden, basic_altar

Skill      XL: |  1  2  3  4  5  6  7  8  9 10 11 12 13 14 |
---------------+-------------------------------------------+-----
Spellcasting   | 3 4 5 6 8 9 10 12 13 14 | 14.0
Fighting       | 1 2 3 4 5 7 9 |  9.0
Conjurations   | 4 5 6 7 8 9 10 11 | 11.0
Armour         | 1 2 3 5 6 7 8 9 10 | 10.5
Translocations | 1 2 3 4 5 6 8 |  8.0
Shields        | 2 3 4 6 7 8 9 |  9.4
Stealth        | 0 |  0.0
Dodging        | |  1.5

Action                   |  1- 3 |  4- 6 |  7- 9 | 10-12 | 13-15 || total
-------------------------+-------+-------+-------+-------+-------++-------
Melee: Dagger            |    34 |    47 |       |       |       ||    81
       Unarmed           |     3 |       |       |       |       ||     3
       Hand axe          |       |    42 |    53 |     4 |       ||    99
       Spear             |       |       |       |    57 |   161 ||   218
 Cast: Magic Dart        |    47 |    55 |    59 |   144 |   131 ||   436
       Searing Ray       |     4 |    20 |    93 |   196 |   257 ||   570
       Iskenderun's Myst |       |       |       |    29 |    19 ||    48
       Gell's Gravitas   |       |       |       |     2 |       ||     2
Invok: Curse Item        |       |       |     1 |     1 |     2 ||     4
       Transfer Knowledg |       |       |       |       |     1 ||     1
  Use: Scroll            |       |       |    12 |    10 |    10 ||    32
 Stab: Sleeping          |       |     1 |     1 |     1 |     1 ||     4
Armor: Robe              |     5 |    27 |     8 |       |       ||    40
       Leather armour    |       |       |    24 |    81 |   139 ||   244
Dodge: Dodged            |    23 |    79 |   103 |   183 |   196 ||   584
Block: Buckler           |       |       |    15 |   114 |    11 ||   140
       Kite shield       |       |       |       |       |   382 ||   382

Table legend:
 A = Non-vault XP
 B = Vault XP
 C = Vault XP percentage of total XP
 D = Non-vault monster count
 E = Vault monster count
 F = Vault count percentage of total count
                 A         B        C        D         E       F
            +---------+---------+-------+---------+---------+-------
      Total |   70117 |   26852 |  27.7 |     527 |      76 |  12.6
            +---------+---------+-------+---------+---------+-------
        D:1 |      27 |      16 |  37.2 |       8 |       7 |  46.7
        D:2 |      79 |      13 |  14.1 |      27 |       1 |   3.6
        D:3 |      88 |       0 |   0.0 |      21 |       0 |   0.0
        D:4 |     497 |       0 |   0.0 |      27 |       0 |   0.0
        D:5 |     775 |       0 |   0.0 |      24 |       0 |   0.0
        D:6 |     453 |       0 |   0.0 |      11 |       0 |   0.0
        D:7 |    1054 |     262 |  19.9 |      21 |       2 |   8.7
        D:8 |    1552 |    1330 |  46.1 |      38 |       5 |  11.6
        D:9 |    1807 |       5 |   0.3 |      16 |       1 |   5.9
       D:10 |    1604 |     628 |  28.1 |      20 |       1 |   4.8
       D:11 |    2997 |    2581 |  46.3 |      11 |       5 |  31.2
       D:12 |    5768 |    3834 |  39.9 |      31 |       5 |  13.9
       D:13 |    3511 |    1211 |  25.6 |      19 |       2 |   9.5
       D:14 |    3294 |     985 |  23.0 |      16 |       7 |  30.4
       D:15 |   10495 |       0 |   0.0 |      44 |       0 |   0.0
     Lair:1 |    2317 |     103 |   4.3 |      10 |       1 |   9.1
     Lair:2 |    3603 |       0 |   0.0 |      19 |       0 |   0.0
     Lair:3 |    8139 |    1694 |  17.2 |      29 |      10 |  25.6
     Lair:4 |    5067 |       0 |   0.0 |      24 |       0 |   0.0
     Lair:5 |    3901 |     994 |  20.3 |      19 |       1 |   5.0
     Lair:6 |    5872 |       0 |   0.0 |      22 |       0 |   0.0
    Snake:1 |     153 |       0 |   0.0 |       1 |       0 |   0.0
      Orc:1 |    3172 |    4688 |  59.6 |      33 |       6 |  15.4
      Orc:2 |    3892 |    8508 |  68.6 |      36 |      22 |  37.9
            +---------+---------+-------+---------+---------+-------
